 Dungeon Crawl Stone Soup version 0.27.1-33-g824d729ab1 (webtiles) character file.

Game seed: 3638635877703252852

2011 ces the Cleaver (level 9, -1/117 HPs)
             Began as a Minotaur Fighter on Dec 10, 2021.
             Slain by a gnoll (8 damage)
             ... on level 5 of the Dungeon.
             The game lasted 00:09:49 (9011 turns).

ces the Cleaver (Minotaur Fighter)                  Turns: 9011, Time: 00:09:50

Health: -1/117     AC: 24    Str: 24    XL:     9   Next: 2%
Magic:  8/8        EV:  2    Int:  5    God:
Gold:   292        SH: 11    Dex: 10    Spells: 8/8 levels left

rFire    . . .     SeeInvis .   a - +0 war axe
rCold    . . .     Faith    .   c - +0 kite shield
rNeg     + + +     Spirit   .   (armour currently unavailable)
rPois    +         Reflect  .   (helmet currently unavailable)
rElec    .         Harm     .   (cloak currently unavailable)
rCorr    .         Rampage  .   (gloves currently unavailable)
Will     .....     NoTele   +   (boots currently unavailable)
Stlth    +.........             (no amulet)
HPRegen  0.29/turn              (no ring)
MPRegen  0.11/turn              (no ring)

@: tree-form
A: stationary, stasis, torment immunity, boosted hp, (horns 2), (retaliatory
headbutt)
a: no special abilities


You were on level 5 of the Dungeon.
You were a tree.
You visited 1 branch of the dungeon, and saw 5 of its levels.

You collected 292 gold pieces.

Inventory:

Hand Weapons
 a - a +0 war axe (weapon)
Missiles
 r - 9 throwing nets (quivered)
Armour
 b - a +0 scale mail (melded)
 c - a +0 kite shield (worn)
 l - a scarf of invisibility (melded)
Jewellery
 s - a ring of willpower
Wands
 f - a wand of iceblast (4)
 i - a wand of polymorph (4)
Scrolls
 m - a scroll of brand weapon {unknown}
 n - 4 scrolls of identify {unknown}
 p - 3 scrolls of enchant weapon {unknown}
Potions
 d - a potion of might
 g - a potion of invisibility {unknown}
 h - a potion of flight
 j - a potion of cancellation
 k - a potion of mutation {unknown}
 o - a potion of haste
 q - a potion of resistance {unknown}
 u - 2 potions of degeneration {unknown}


   Skills:
 + Level 6.6 Fighting
 + Level 9.0 Axes
 + Level 6.8 Armour
 + Level 3.3 Dodging
 + Level 0.6 Stealth
 + Level 7.1 Shields
 + Level 1.2 Evocations


You had 8 spell levels left.
You didn't know any spells.
Your spell library contained the following spells:

 Spells                   Type           Power      Damage    Failure   Level
 Sandblast                Erth           0%         2d4       82%         1
 Passwall                 Tmut/Erth      0%         N/A       91%         2
 Conjure Flame            Conj/Fire      0%         6-21      99%         3
 Ignite Poison            Fire/Tmut/Pois 0%         N/A       99%         3
 Sticky Flame             Conj/Fire      0%         2d3       100%        4
 Lee's Rapid Deconstruct  Erth           0%         3d5*      100%        5


Dungeon Overview and Level Annotations

Branches:
Dungeon (5/15)
 Temple: D:4-7

Altars:
Ashenzari
Cheibriados
Dithmenos
Zin

Shops:
D:2 *   D:5 *


Innate Abilities, Weirdness & Mutations

You are a tree.
Your roots penetrate the ground, keeping you stationary.
You cannot be teleported.
You are immune to unholy pain and torment.
Your maximum health is greatly increased.
Your equipment is partially melded.
((You have a pair of horns on your head.))
((You reflexively headbutt those who attack you in melee.))


Message History

The gnoll is heavily wounded.
You hit the gnoll. The gnoll hits you with a +0 flail.
You block the gnoll's attack. The gnoll hits you with a +0 flail.
Your shield and scale mail prevent you from hitting the gnoll.
The gnoll is moderately wounded.
You slash the gnoll! The gnoll misses you. The gnoll hits you with a +0 flail!
The gnoll closely misses you.
You hit the gnoll but do no damage.
The gnoll is heavily wounded.
You hit the gnoll but do no damage. You block the gnoll's attack. x2
You hit the gnoll.
The gnoll is almost dead.
You slash the gnoll!
You kill the gnoll!
The gnoll closely misses you.
The gnoll throws a throwing net.
The throwing net hits you.
You become entangled in the net!
The gnoll hits you but does no damage.
You struggle against the net.
The gnoll hits you with a +0 flail. x3
A gnoll comes into view. It is wielding a +0 whip.
You struggle against the net.
The gnoll completely misses you. The gnoll hits you with a +0 flail.
You struggle against the net.
The gnoll hits you with a +0 flail! The gnoll hits you but does no damage.
The gnoll barely misses you.
You struggle against the net.
The gnoll hits you with a +0 flail!
* * * LOW HITPOINT WARNING * * *
The gnoll hits you with a +0 flail.
* * * LOW HITPOINT WARNING * * *
You feel better. The gnoll hits you with a +0 flail!
* * * LOW HITPOINT WARNING * * *
The gnoll hits you with a +0 flail.
* * * LOW HITPOINT WARNING * * *
The gnoll hits you with a +0 flail!
* * * LOW HITPOINT WARNING * * *
Really quaff the potion of lignification?
You turn into a tree.
Your scarf of invisibility melds into your body.
Your +0 scale mail melds into your body.
Your roots penetrate the ground.
The net rips apart!
The gnoll hits you but does no damage. The gnoll hits you with a +0 flail!
You die...

...## ...# ..#..#
...# .#..# (..#
....# ...# ...#
...# ...# ...#
#gg# #..# #gg#
##.## #♣# #..##
##(#
#...##########..#
#...............#
#################


You could see 4 gnolls.

Vanquished Creatures
  Sigmund (D:5)
  A water moccasin (D:4)
  An ogre (D:4)
  A kobold brigand (D:5)
  A bullfrog (D:4)
  4 gnoll sergeants (D:5)
  A water moccasin zombie (D:5)
  A howler monkey (D:5)
  A bullfrog zombie (D:5)
  3 gnoll shamans (D:5)
  2 orc priests
  9 hounds
  3 iguanas
  Natasha (thrice) (D:3)
  3 orc wizards
  A howler monkey zombie (D:5)
  30 gnolls (D:5)
  8 adders
  An adder zombie (D:5)
  A worm (D:4)
  6 dart slugs
  17 orcs
  5 endoplasms
  4 giant cockroaches
  5 goblins
  4 hobgoblins
  6 jackals
  3 quokkas
  5 ball pythons
  6 bats
  3 frilled lizards
  11 kobolds
  5 rats
156 creatures vanquished.

Vanquished Creatures (others)
  2 plants (D:5)
2 creatures vanquished.

Grand Total: 158 creatures vanquished

Notes
Turn   | Place    | Note
-------+----------+-------------------------------------------
     0 | D:1      | ces the Minotaur Fighter began the quest for the Orb.
     0 | D:1      | Reached XP level 1. HP: 19/19 MP: 0/0
   505 | D:1      | Reached XP level 2. HP: 27/27 MP: 1/1
   994 | D:2      | Found Ciuxul's Assorted Antiques.
   999 | D:2      | Reached skill level 3 in Axes
  1074 | D:2      | Reached XP level 3. HP: 33/33 MP: 2/2
  1536 | D:3      | Noticed Natasha
  1544 | D:3      | Killed Natasha
  1595 | D:3      | Reached XP level 4. HP: 35/40 MP: 3/3
  1646 | D:3      | Reached skill level 1 in Dodging
  1852 | D:3      | Noticed Natasha
  1869 | D:3      | Killed Natasha
  1870 | D:3      | Reached skill level 4 in Axes
  1893 | D:3      | Noticed Natasha
  1899 | D:3      | Killed Natasha
  1900 | D:3      | Reached XP level 5. HP: 33/47 MP: 4/4
  2020 | D:3      | Reached skill level 5 in Axes
  2417 | D:3      | HP: 1/47 [adder (3)]
  3734 | D:4      | Reached XP level 6. HP: 52/52 MP: 5/5
  4121 | D:4      | Reached skill level 6 in Axes
  4174 | D:4      | Found a glowing silver altar of Zin.
  4257 | D:4      | Found a snail-covered altar of Cheibriados.
  4294 | D:4      | Found a shadowy altar of Dithmenos.
  4294 | D:4      | Found a broken altar of Ashenzari.
  4431 | D:4      | Reached skill level 5 in Fighting
  4805 | D:4      | Noticed a water moccasin
  4813 | D:4      | Killed a water moccasin
  4814 | D:4      | Reached skill level 5 in Armour
  4814 | D:4      | Reached XP level 7. HP: 41/61 MP: 6/6
  5101 | D:4      | Reached skill level 5 in Shields
  5219 | D:5      | Entered Level 5 of the Dungeon
  6063 | D:5      | Reached skill level 7 in Axes
  6315 | D:5      | Reached XP level 8. HP: 50/69 MP: 7/7
  6370 | D:5      | Noticed Sigmund
  6778 | D:5      | Reached skill level 8 in Axes
  7016 | D:5      | Killed Sigmund
  7213 | D:5      | Reached skill level 1 in Evocations
  7432 | D:5      | Found Unaos's Lightly-Used Armoury.
  8848 | D:5      | Reached skill level 9 in Axes
  8848 | D:5      | Reached XP level 9. HP: 56/78 MP: 8/8
  9011 | D:5      | Slain by a gnoll

Illustrated notes

Levels and vault maps discovered:
D:1:      psy_arrival_conway, layout_loops_corners, minmay_misc_feat_tower
D:2:      layout_rooms, serial_corexii_hall, chequers_hall_statues_corner_a,
          corexii_hall_statues_i, serial_shops, shop
D:3:      layout_basic, minmay_crystal_water, uniq_natasha
D:4:      layout_loops_ring, gammafunk_temple_overflow_pools, zin_academy,
          kennysheep_slug_shrine, kennysheep_generic_room_3
D:5:      layout_cave_pools, serial_gnoll_camp, gnoll_camp_medium_01,
          gnoll_camp_huts_moat, gnoll_camp_mini_house,
          gnoll_camp_mini_loothouse, gnoll_camp_medium_02, minmay_shop_damaged,
          minivault_24, minmay_misc_feat_plants, uniq_sigmund

Skill      XL: |  1  2  3  4  5  6  7  8 |
---------------+-------------------------+-----
Fighting       | 4 5 6 |  6.6
Axes           | 3 4 5 6 7 9 |  9.0
Shields        | 4 5 7 |  7.1
Armour         | 4 5 6 |  6.8
Dodging        | 1 2 3 |  3.3
Evocations     | 1 |  1.2
Stealth        | |  0.6

Action                   |  1- 3 |  4- 6 |  7- 9 || total
-------------------------+-------+-------+-------++-------
Melee: War axe           |    76 |   160 |   214 ||   450
       Headbutt          |    14 |    21 |    38 ||    73
 Abil: Evoke Invisibilit |       |     1 |       ||     1
Evoke: Wand              |       |       |     2 ||     2
  Use: Potion            |       |     7 |     4 ||    11
Armor: Scale mail        |    39 |    66 |    72 ||   177
       Skin              |       |     3 |     1 ||     4
Dodge: Dodged            |    23 |    55 |   111 ||   189
Block: Kite shield       |    37 |    78 |   186 ||   301
